 Dungeon Crawl Stone Soup version 0.32-a0-132-g2d33c3cfaf (webtiles) character file.

Game seed: 309977007619615362

177 zeratav the Sneak (level 5, -3/37 HPs)
             Began as an Octopode Shapeshifter on Feb 9, 2024.
             Slain by an orc wizard
             ... wielding a +0 dagger
              (5 damage)
             ... on level 3 of the Dungeon.
             The game lasted 00:04:07 (2132 turns).

zeratav the Sneak (Octopode Shapeshifter)           Turns: 2132, Time: 00:04:07

Health: -3/37      AC:  1    Str: 16    XL:     5   Next: 57%
Magic:  5/5        EV: 13    Int: 12    God:
Gold:   95         SH:  0    Dex: 11    Spells: 4/4 levels left

rFire   . .          .
                       - Unarmed
rCold   . . .        (no shield)
rNeg    . . .        (helmet currently unavailable)
rPois   .            (no amulet)
rElec   .            (no ring)
rCorr   .            (no ring)
SInv    .            (no ring)
Will    .....        (no ring)
Stlth   ++           (no ring)
HPRegen 0.26/turn    (no ring)
MPRegen 0.09/turn    (no ring)
                     (no ring)

%: no passive effects
@: confused, beast-form
A: beast (slay +1), almost no armour, amphibious, 8 rings, camouflage 1,
gelatinous body 1, (nimble swimmer 1), tentacles
a: Begin Untransformation


You were on level 3 of the Dungeon.
You were a hulking beast.
You visited 1 branch of the dungeon, and saw 3 of its levels.

You collected 121 gold pieces.
You spent 26 gold pieces at shops.


Innate Abilities, Weirdness & Mutations

You are a hulking beast.
Your limbs bulge with bestial killing power. (Slay +1)
You cannot wear most types of armour.
You are amphibious.
You can wear up to eight rings at the same time.
Your skin changes colour to match your surroundings (Stealth+).
Your rubbery body absorbs attacks. (AC +1, EV +1)
((You are camouflaged when in or above water. (Stealth+)))
You have tentacles for arms and can constrict up to eight enemies at once.


   Skills:
 + Level 3.8 Fighting
 - Level 2.0 Dodging
 - Level 5.0 Stealth
 - Level 3.0 Unarmed Combat
 - Level 3.0 Shapeshifting


You had 4 spell levels left.
You didn't know any spells.
Your spell library was empty.

Inventory:

Missiles
 i - 5 poisoned darts (quivered) {throwing}
Talismans
 b - a beast talisman
 c - a flux talisman
Wands
 l - a wand of paralysis (6)
   (You found it on level 2 of the Dungeon)
Scrolls
 e - a scroll of blinking {!r}
 g - a scroll of fear
 h - a scroll of acquirement {unknown}
 j - a scroll of teleportation {unknown}
 m - a scroll of brand weapon {unknown}
 n - a scroll of identify {@r1}
Potions
 a - a potion of lignification {!q}
 d - 3 potions of invisibility {unknown}
 f - 3 potions of haste {unknown}
 k - a potion of curing {unknown}

Dungeon Overview and Level Annotations

Branches:
Dungeon (3/15) Zot: 15871

Altars:

Shops:
D:2

* .....###......#.#..
##............#.#.#
...................
...................
................# .
###.##..#..#....### ..
...........#......###...
......†###...(...........
.......# #......h........
.......# #.....))>##.....
.......# #.#..........##
.....^.###.#...####...#
...........#......[....#
................###.##.#
.......##..).<....... #
##..######...........
.>.###.......##.###..


There were no monsters in sight!


Message History

The gnoll barely misses you.
You barely miss the gnoll. You grab the gnoll. You squeeze the gnoll.
You kill the gnoll!
Things that are here:
a +0 halberd {polearm}; a gnoll corpse An orc wizard comes into view.
It is wielding a +0 dagger.
An orc comes into view. It is wielding a +0 whip.
The orc wizard shouts!
An orc wizard comes into view. It is wielding a +0 dagger.
The orc wizard shouts!
The orc wizard gestures at you while chanting.
The magic dart hits you.
HP[-6]
You take 6 damage, and now have 30/36 hp.
You completely miss the orc wizard.
The orc shouts!
Your grab misses the orc wizard.
The orc wizard points at you and mumbles some strange words.
You are confused.
The orc wizard points at you and mumbles some strange words.
You are more confused.
HP[+1]
The orc wizard barely misses you.
HP[+1]
The orc wizard hits you with a +0 dagger.
The orc wizard mumbles some strange words.
The orc wizard flickers and vanishes!
Deactivating autopickup; reactivate with Ctrl-A.
HP[-1]
You take 1 damage, and now have 31/36 hp.
You bump into the rock wall.
The orc closely misses you. The orc wizard barely misses you.
You hear some strange, mumbled words.
A puff of flame appears from out of thin air!
The puff of flame misses you.
You bump into the rock wall.
The orc hits you with a +0 whip! The orc wizard misses you.
HP[-7]
You take 7 damage, and now have 24/36 hp.
You bump into the rock wall.
The orc hits you but does no damage. The orc wizard barely misses you.
Something hits you.
You completely miss the orc wizard. You tentacle-slap the orc wizard.
The orc misses you.
The orc wizard hits you with a +0 dagger.
Something hits you.
HP[-4]
You take 4 damage, and now have 20/36 hp.
You're too confused to move!
The orc hits you with a +0 whip.
* * * LOW HITPOINT WARNING * * *
The orc wizard closely misses you. Something hits you.
* * * LOW HITPOINT WARNING * * *
HP[-5]
You take 5 damage, and now have 15/36 hp.
You tentacle-slap the orc wizard. You squeeze the orc wizard!
You kill the orc wizard!
The orc barely misses you.
You hear some strange, mumbled words.
Something tries to affect you, but you resist.
HP[+1]
You now have 37 max hp (+1).
You miss the orc. Your squeeze misses the orc.
You feel less confused. The orc hits you with a +0 whip.
* * * LOW HITPOINT WARNING * * *
HP[-6]
You take 6 damage, and now have 10/37 hp.
You tentacle-slap the orc. You grab the orc. You constrict the orc.
Something hits you.
* * * LOW HITPOINT WARNING * * *
The orc closely misses you.
HP[-2]
You take 2 damage, and now have 8/37 hp.
You tentacle-slap the orc.
You kill the orc!
Something hits you.
* * * LOW HITPOINT WARNING * * *
HP[-3]
You take 3 damage, and now have 5/37 hp.
You closely miss something.
Your tentacle-slap misses something.
Your squeeze misses something.
You hear some strange, mumbled words.
You are confused.
HP[+1]
You tentacle-slap something. Your squeeze misses something.
You hear some strange, mumbled words.
You are more confused.
Something hits you.
* * * LOW HITPOINT WARNING * * *
Things that are here:
a +0 whip {mace}; a +0 leather armour; an orc corpse HP[-1]
You take 1 damage, and now have 5/37 hp.
Something hits you.
* * * LOW HITPOINT WARNING * * *
HP[-3]
You take 3 damage, and now have 2/37 hp.
You're too confused to move!
Something hits you.
You die...

Skill      XL: |  1  2  3  4 |
---------------+-------------+-----
Stealth        | 2 4 5 |  5.0
Fighting       | 3 |  3.8
Dodging        | |  2.0
Unarmed Combat | |  3.0
Shapeshifting  | |  3.0

Action                     |  1- 3 |  4- 6 || total
---------------------------+-------+-------++-------
  Melee: Unarmed           |    66 |    58 ||   124
         Constrict         |    26 |    13 ||    39
         Tentacles         |    22 |    16 ||    38
         Punch             |     3 |     1 ||     4
    Use: Scroll            |       |     2 ||     2
   Stab: Sleeping          |     9 |     9 ||    18
 Armour: Skin              |    21 |    29 ||    50
  Dodge: Dodged            |    31 |    48 ||    79

Levels and vault maps discovered:
D:1:      minmay_arrival_radiant_lines, layout_basic, lexackson_kobold_supper
D:2:      layout_basic, hellmonk_ecumenical_altar_crossroads, serial_shops,
          shop, minmay_pentomino_pile
D:3:      layout_rooms, mainiacjoe_overflow_cross_hatched,
          makhleb_altar_promises_db

Notes
Turn   | Place    | Note
-------+----------+-------------------------------------------
     0 | D:1      | zeratav the Octopode Shapeshifter began the quest for the
                  | Orb.
     0 | D:1      | Reached XP level 1. HP: 13/13 MP: 1/1
     0 | D:1      | magus.rc [v1.9.6]
    33 | D:1      | Reached skill level 1 in Stealth
   112 | D:1      | Reached skill level 2 in Stealth
   127 | D:1      | Reached XP level 2. HP: 14/18 MP: 2/2
   191 | D:1      | Reached skill level 3 in Stealth
   346 | D:1      | Reached skill level 4 in Stealth
   346 | D:1      | Reached XP level 3. HP: 7/23 MP: 3/3
   947 | D:2      | Reached skill level 5 in Stealth
   955 | D:2      | Reached XP level 4. HP: 18/28 MP: 4/4
   999 | D:2      | Found Lesiera's General Store.
  1008 | D:2      | Bought a scroll of identify for 26 gold pieces
  1127 | D:2      | Reached skill level 2 in Fighting
  1510 | D:2      | Found a faded altar of an unknown god.
  1932 | D:2      | Reached skill level 3 in Fighting
  1932 | D:2      | Reached XP level 5. HP: 27/36 MP: 5/5
  2125 | D:3      | HP: 8/37 [something (2)]
  2130 | D:3      | HP: 5/37 [something (1)]
  2131 | D:3      | HP: 2/37 [something (4)]
  2132 | D:3      | Slain by an orc wizard

Vanquished Creatures
  An orc wizard (D:3)
  5 gnolls
  3 adders (D:2)
  2 ribbon worms
  2 dart slugs
  An orc (D:3)
  4 endoplasms
  3 giant cockroaches
  2 goblins
  7 hobgoblins
  2 jackals (D:1)
  5 quokkas
  7 ball pythons
  7 bats
  2 frilled lizards
  8 kobolds
  7 rats
68 creatures vanquished.

Table legend:
 A = Non-vault XP
 B = Vault XP
 C = Vault XP percentage of total XP
 D = Non-vault monster count
 E = Vault monster count
 F = Vault count percentage of total count
                 A         B        C        D         E       F
            +---------+---------+-------+---------+---------+-------
      Total |     225 |      28 |  11.1 |      56 |      12 |  17.6
            +---------+---------+-------+---------+---------+-------
        D:1 |      66 |      10 |  13.2 |      30 |       8 |  21.1
        D:2 |     103 |      18 |  14.9 |      22 |       4 |  15.4
        D:3 |      56 |       0 |   0.0 |       4 |       0 |   0.0
            +---------+---------+-------+---------+---------+-------

Skill      XL: |  1  2  3  4 |
---------------+-------------+-----
Stealth        | 2 4 5 |  5.0
Fighting       | 3 |  3.8
Dodging        | |  2.0
Unarmed Combat | |  3.0
Shapeshifting  | |  3.0

Action                     |  1- 3 |  4- 6 || total
---------------------------+-------+-------++-------
  Melee: Unarmed           |    66 |    58 ||   124
         Constrict         |    26 |    13 ||    39
         Tentacles         |    22 |    16 ||    38
         Punch             |     3 |     1 ||     4
    Use: Scroll            |       |     2 ||     2
   Stab: Sleeping          |     9 |     9 ||    18
 Armour: Skin              |    21 |    29 ||    50
  Dodge: Dodged            |    31 |    48 ||    79

Illustrated notes

Table legend:
 A = Kills in this place as a percentage of kills in the entire game.
 B = Kills by you in this place as a percentage of kills by you in the entire game.
 C = Kills by friends in this place as a percentage of kills by friends in the entire game.
 D = Other kills in this place as a percentage of other kills in the entire game.
 E = Experience gained in this place as a percentage of experience gained in the entire game.
 F = Experience gained in this place divided by the number of levels of this place that you have seen.
                   A       B       C       D       E      F
               +-------+-------+-------+-------+-------+----------------------
         Total | 100.0 | 100.0 |   N/A |   N/A | 100.0 |  84.3
       Dungeon | 100.0 | 100.0 |   N/A |   N/A | 100.0 |  84.3
               +-------+-------+-------+-------+-------+----------------------

Table legend: (Time is in decaauts)
 A = Elapsed time spent in this place.
 B = Non-inter-level travel time spent in this place.
 C = Inter-level travel time spent in this place.
 D = Time resting spent in this place.
 E = Time spent auto-exploring this place.
 F = Levels seen in this place.
 G = Mean time per level.
                   A        B        C        D        E       F      G
               +--------+--------+--------+--------+--------+-----+--------+
         Total |   2127 |   2073 |     54 |    246 |   1406 |   3 |  709.0 |
       Dungeon |   2127 |   2073 |     54 |    246 |   1406 |   3 |  709.0 |
               +--------+--------+--------+--------+--------+-----+--------+

Top non-repeatable levels by time:
     D:2: 1100 daAuts
     D:1: 939 daAuts
     D:3: 87 daAuts
